 Dungeon Crawl Stone Soup version 0.31-a0-431-g88bdf31460 (webtiles) character file.

Game seed: 7841580868975414302

604 testman the Ruffian (level 7, -4/54 HPs)
             Began as a Pale Draconian Shapeshifter on July 31, 2023.
             Was an Initiate of Makhleb.
             Slain by a gnoll
             ... wielding a +0 flail
             ... led by a gnoll bouda
              (11 damage)
             ... on level 6 of the Dungeon.
             The game lasted 00:07:31 (3097 turns).

testman the Ruffian (Pale Draconian Shapeshifter)   Turns: 3097, Time: 00:07:33

Health: -4/54      AC:  6    Str: 18    XL:     7   Next: 18%
Magic:  0/7        EV: 12    Int: 13    God:    Makhleb [......]
Gold:   131        SH:  0    Dex: 10    Spells: 6/6 levels left

rFire   . .          .
                       - Unarmed
rCold   . . .        (no shield)
rNeg    + . .        (body armour unavailable)
rPois   .            (helmet currently unavailable)
rElec   .            (cloak currently unavailable)
rCorr   .            (gloves currently unavailable)
SInv    .            (boots currently unavailable)
Will    .....        v - amulet of guardian spirit
Stlth   +            t - ring of positive energy
HPRegen 0.29/turn    (no ring)
MPRegen 0.10/turn

%: guardian spirit
@: beast-form, weakened
A: beast (slay +3), breathe steam, AC +6, unfitting armour, cold-blooded, steam
resistance, clever 1, frail 1, noise suppression
a: Breathe Steam, Begin Untransformation, Renounce Religion


You were on level 6 of the Dungeon.
You worshipped Makhleb.
Makhleb was noncommittal.
You were a hulking beast.
You visited 1 branch of the dungeon, and saw 6 of its levels.

You collected 131 gold pieces.

Inventory:

Missiles
 c - 2 javelins
 e - a throwing net
Armour
 m - a +0 pair of boots
 n - a +2 cloak
 o - a +0 pair of gloves
 u - a +0 kite shield
Jewellery
 t - a ring of positive energy (left hand)
 v - an amulet of guardian spirit (around neck)
Talismans
 b - a beast talisman (active)
Wands
 y - a wand of paralysis (3)
Scrolls
 d - 2 scrolls of enchant armour {unknown}
 f - a scroll of revelation {unknown}
 h - a scroll of immolation {unknown}
 i - 2 scrolls of identify {unknown}
 k - a scroll of noise {unknown}
 l - a scroll of torment {unknown}
 q - a scroll of poison {unknown}
 r - a scroll of blinking {unknown}
 w - a scroll of teleportation {unknown}
Potions
 a - a potion of lignification
 g - 3 potions of curing {unknown}
 j - a potion of experience {unknown}
 p - 2 potions of ambrosia {unknown}
 s - a potion of haste {unknown}
 x - a potion of attraction {unknown}


   Skills:
 + Level 4.9 Fighting
 + Level 2.0 Dodging
 + Level 5.3 Unarmed Combat
 + Level 4.7 Shapeshifting


You had 6 spell levels left.
You didn't know any spells.
Your spell library contained the following spells:

 Spells                   Type           Power      Damage    Failure   Level
 Foxfire                  Conj/Fire      0%         2x1d4     30%         1
 Cigotuvi's Dreadful Rot  Necr/Pois/Air  0%         N/A       43%         2
 Hailstorm                Conj/Ice       0%         3d3       67%         3
 Ignite Poison            Fire/Tmut/Pois 0%         N/A       67%         3
 Summon Ice Beast         Ice/Summ       0%         N/A       97%         4
 Freezing Cloud           Conj/Ice/Air   0%         6-21      100%        5
 Plasma Beam              Fire/Air       0%         2x1d10    100%        6
 Simulacrum               Ice/Necr       0%         N/A       100%        6
 Starburst                Conj/Fire      0%         6d3       100%        6


Dungeon Overview and Level Annotations

Branches:
Dungeon (7/15)
 Temple: D:4-7

Altars:
Dithmenos
Kikubaaqudgha
Makhleb
Sif Muna


Innate Abilities, Weirdness & Mutations

You are a hulking beast.
Your limbs bulge with bestial killing power. (Slay +3)
You can breathe blasts of scalding, opaque steam.
Your pale cyan-grey scales are hard. (AC +6)
You cannot fit into any form of body armour.
You are cold-blooded and may be slowed by cold attacks.
You are immune to the effects of steam.
Your mind is acute. (Int +4, Str/Dex -1)
You are frail. (-10% HP)
You passively dampen the noise of your surroundings.


Message History

The gnoll is engulfed in a cloud of scalding steam.
You hit the gnoll. You tail-slap the gnoll.
The gnoll is severely wounded.
You punch the gnoll!
You kill the gnoll!
Makhleb accepts your kill.
The gnoll is engulfed in a cloud of scalding steam.
Your Dodging skill increases to level 2!
You barely miss the ogre.
The gnoll bouda barks out a call to the hunt!
The gnolls pick up the pace!
The gnoll hits you with a +0 flail. The ogre barely misses you.
You hit the ogre.
The ogre is lightly wounded.
The gnoll barely misses you. The gnoll hits you but does no damage.
The ogre hits you with a +0 giant spiked club!
You hit the ogre but do no damage. You tail-slap the ogre.
The ogre is moderately wounded.
The gnoll hits you with a +0 flail.
The gnoll bouda gazes fiercely through you!
You feel your attacks grow feeble.
The gnoll hits you from afar with a +0 spear.
You punch the ogre! You punch the ogre.
The ogre is severely wounded.
The gnoll hits you with a +0 flail.
The gnoll bouda gazes fiercely through you!
You feel as though you will be weak longer.
The ogre closely misses you.
The gnoll hits you from afar with a +0 spear.
You hit the ogre.
The ogre is almost dead.
The gnoll hits you but does no damage.
You hit the ogre.
The ogre is almost dead.
You have got your breath back.
The gnoll barely misses you.
The ogre hits you with a +0 giant spiked club!!
* * * LOW HITPOINT WARNING * * *
The gnoll hits you with a +0 flail!
You die...

.....#.....#
####.#...###
..###...# ###
#...# #...###
#.....#
#...#.#####
#......)g.#
#.......#h#
#.......#O###
#.......gg..#
##.......##..#
#.......#
#....
#.......#
##...
+.......# ..
#.......# .
#.......#


You could see an ogre, a gnoll bouda and 2 gnolls.

Vanquished Creatures
  A phantom (D:4)
  A scorpion (D:7)
  5 wights (D:7)
  An orc priest (D:7)
  Terence (D:3)
  Natasha (twice) (D:2)
  2 gnolls
  2 adders
  2 dart slugs (D:2)
  5 orcs
  7 bats
  5 endoplasms
  2 giant cockroaches
  6 goblins
  5 hobgoblins
  6 jackals
  4 kobolds
  3 quokkas
  4 ball pythons
  3 frilled lizards
  4 rats
71 creatures vanquished.

Notes
Turn   | Place    | Note
-------+----------+-------------------------------------------
     0 | D:1      | testman the Draconian Shapeshifter began the quest for the
                  | Orb.
     0 | D:1      | Reached XP level 1. HP: 16/16 MP: 1/1
   144 | D:1      | Reached XP level 2. HP: 19/23 MP: 2/2
   172 | D:1      | HP: 1/23 [gnoll/+0 spear (6)]
   359 | D:1      | Reached XP level 3. HP: 29/29 MP: 3/3
   852 | D:2      | Noticed Natasha
   867 | D:2      | Gained mutation: You are weak. (Str -2) [potion of
                  | mutation]
   867 | D:2      | Gained mutation: You occasionally lose the ability to drink
                  | potions when taking damage. [potion of mutation]
   867 | D:2      | Gained mutation: You expend magic power (3 MP) to
                  | strengthen your wands. [potion of mutation]
   888 | D:2      | Killed Natasha
   889 | D:2      | Reached XP level 4. HP: 6/37 MP: 4/4
  1323 | D:2      | Noticed Natasha
  1334 | D:2      | Killed Natasha
  1535 | D:2      | Reached skill level 4 in Unarmed Combat
  1720 | D:3      | Found a shadowy altar of Dithmenos.
  1727 | D:3      | Noticed Terence
  1736 | D:3      | Killed Terence
  1737 | D:3      | Reached XP level 5. HP: 43/45 MP: 5/5
  1992 | D:3      | Found a shimmering blue altar of Sif Muna.
  2105 | D:3      | Found an ancient bone altar of Kikubaaqudgha.
  2358 | D:3      | Found a burning altar of Makhleb.
  2358 | D:3      | Noticed a balrug
  2361 | D:3      | Noticed a neqoxec
  2361 | D:3      | Noticed a smoke demon
  2363 | D:3      | Became a worshipper of Makhleb the Destroyer
  2517 | D:4      | Noticed a phantom
  2528 | D:4      | Killed a phantom
  2618 | D:4      | You fall into a shaft and drop 3 floors!
  2634 | D:7      | Reached XP level 6. HP: 36/52 MP: 3/6
  2739 | D:7      | Reached skill level 5 in Unarmed Combat
  2899 | D:7      | Your scales start taking on a pale cyan-grey colour.
  2899 | D:7      | Reached XP level 7. HP: 52/60 MP: 5/7
  2899 | D:7      | Gained mutation: You are immune to the effects of steam.
                  | [Pale Draconian growth]
  3071 | D:6      | Lost mutation: You occasionally lose the ability to drink
                  | potions when taking damage. [potion of mutation]
  3071 | D:6      | Lost mutation: You are weak. (Str -2) [potion of mutation]
  3071 | D:6      | Lost mutation: You expend magic power (3 MP) to strengthen
                  | your wands. [potion of mutation]
  3071 | D:6      | Gained mutation: You are frail. (-10% HP) [potion of
                  | mutation]
  3071 | D:6      | Gained mutation: Your mind is acute. (Int +4, Str/Dex -1)
                  | [potion of mutation]
  3071 | D:6      | Gained mutation: You passively dampen the noise of your
                  | surroundings. [potion of mutation]
  3097 | D:6      | Slain by a gnoll

Illustrated notes

Levels and vault maps discovered:
D:1:      evilmike_arrival_plus, layout_rooms
D:2:      layout_loops_ring, grunt_decor_fettered, uniq_natasha
D:3:      layout_loops_corners, makhleb_altar_promises_db,
          mainiacjoe_overflow_cross_hatched,
          nicolae_dithmenos_through_a_glass_darkly,
          nicolae_sif_muna_little_library, uniq_terence
D:4:      layout_basic, serial_bayou_crossing
D:6:      layout_basic, kennysheep_little_box, minmay_temple_entry_steel_oval,
          ebering_ghost_reflecting_pool
D:7:      layout_basic

Skill      XL: |  1  2  3  4  5  6  7 |
---------------+----------------------+-----
Fighting       | 2 3 4 |  4.9
Unarmed Combat | 4 5 |  5.3
Shapeshifting  | 4 |  4.7
Dodging        | 2 |  2.0

Action                     |  1- 3 |  4- 6 |  7- 9 || total
---------------------------+-------+-------+-------++-------
  Melee: Unarmed           |    95 |   116 |    12 ||   223
         Tailslap          |    11 |    15 |     2 ||    28
         Punch             |     1 |     2 |     1 ||     4
Ability: Breathe Steam     |       |       |     1 ||     1
    Use: Potion            |     2 |       |     1 ||     3
   Stab: Sleeping          |       |     2 |       ||     2
 Armour: Skin              |    24 |    15 |     3 ||    42
  Dodge: Dodged            |    77 |    60 |     7 ||   144

Table legend: (Time is in decaauts)
 A = Elapsed time spent in this place.
 B = Non-inter-level travel time spent in this place.
 C = Inter-level travel time spent in this place.
 D = Time resting spent in this place.
 E = Time spent auto-exploring this place.
 F = Levels seen in this place.
 G = Mean time per level.
                   A        B        C        D        E       F      G
               +--------+--------+--------+--------+--------+-----+--------+
         Total |   3079 |   2966 |    113 |     82 |   2360 |   6 |  513.2 |
       Dungeon |   3079 |   2966 |    113 |     82 |   2360 |   6 |  513.2 |
               +--------+--------+--------+--------+--------+-----+--------+

Top non-repeatable levels by time:
     D:2: 944 daAuts
     D:3: 817 daAuts
     D:1: 739 daAuts
     D:7: 421 daAuts
     D:4: 105 daAuts
     D:6: 52 daAuts
